 Dungeon Crawl Stone Soup version 0.26-a0-651-gb41185065b (webtiles) character file.

Game seed: 1872161311269386404

2374 Azzok the Blocker (level 9, -8/63 HPs)
             Began as a Demonspawn Fighter on Oct 17, 2020.
             Was a Follower of Cheibriados.
             Mangled by an orc warrior
             ... wielding a +0 glaive
              (16 damage)
             ... on level 7 of the Dungeon.
             The game lasted 00:09:44 (5696 turns).

Azzok the Blocker (Demonspawn Fighter)              Turns: 5696, Time: 00:09:44

Health: -8/63      AC:  7    Str: 20    XL:     9   Next: 21%
Magic:  9/9        EV:  8    Int: 15    God:    Cheibriados [*.....]
Gold:   270        SH: 19    Dex: 22    Spells: 8/8 levels left

rFire    . . .     SeeInvis +   i - +1 spear (curse)
rCold    . . .     Faith    .   b - +1 kite shield
rNeg     . . .     Spirit   .   a - +0 scale mail
rPois    .         Reflect  .   m - +0 helmet
rElec    .         Harm     .   (no cloak)
rCorr    .         Rampage  .   (no gloves)
MR       .....                  (no boots)
Stlth    ..........             d - amulet of regeneration
HPRegen  0.60/turn              g - +6 ring of dexterity
MPRegen  0.11/turn              l - ring of see invisible

@: very slow
A: talons 1, large bone plates 2, demonic guardian 1
a: Bend Time, Renounce Religion


You were on level 7 of the Dungeon.
You worshipped Cheibriados.
Cheibriados was aware of your devotion.
You visited 2 branches of the dungeon, and saw 8 of its levels.

You collected 270 gold pieces.

Inventory:

Hand Weapons
 i - a cursed +1 spear (weapon)
Armour
 a - a +0 scale mail (worn)
 b - a +1 kite shield (worn)
 m - a +0 helmet (worn)
Jewellery
 d - an amulet of regeneration (around neck)
 g - a +6 ring of dexterity (left hand)
 l - a ring of see invisible (right hand)
 u - an uncursed ring of protection from cold
Wands
 p - a wand of flame (14)
 r - a wand of random effects (24)
Scrolls
 j - 2 scrolls of magic mapping
 k - 2 scrolls of enchant armour
 o - a scroll of amnesia
 s - 2 scrolls of fog
Potions
 c - 2 potions of might
 e - a potion of resistance
 f - 4 potions of curing
 h - a potion of stabbing
 n - a potion of brilliance
 t - a potion of flight
 v - 2 potions of heal wounds


   Skills:
 - Level 3.0 Fighting
 - Level 2.6 Armour
 + Level 8.5 Shields
 + Level 8.2 Unarmed Combat


You had 8 spell levels left.
You didn't know any spells.
Your spell library contained the following spells:

 Spells                   Type           Power        Failure   Level
 Freeze                   Ice            #...         87%         1
 Frozen Ramparts          Ice            #.....       99%         3
 Ozocubu's Armour         Ice            #.......     99%         3
 Hailstorm                Conj/Ice       #.......     100%        4
 Summon Ice Beast         Ice/Summ       #.......     100%        4


Dungeon Overview and Level Annotations

Branches:
Dungeon (7/15)             Temple (1/1) D:6

Altars:
Ashenzari
Cheibriados
Dithmenos
Elyvilon
Fedhas
Gozag
Hepliaklqana
Kikubaaqudgha
Makhleb
Nemelex Xobeh
Qazlal
Ru
Sif Muna
Trog
Uskayaw
Vehumet
Wu Jian
Xom
Yredelemnul
Zin
The Shining One


Innate Abilities, Weirdness & Mutations

You have sharp toenails.
You are mostly covered in large bone plates. (SH +6)
A weak demonic guardian rushes to your aid.


Message History

You reach to attack!
You closely miss the orc warrior.
The orc warrior is lightly wounded.
Your ufetubus misses the orc warrior.
Your ufetubus hits the orc warrior but does no damage.
Your ufetubus barely misses the orc warrior.
Your ufetubus hits the orc warrior.
The orc warrior hits you from afar with a +0 glaive!
* * * LOW HITPOINT WARNING * * *
Your ufetubus hits the orc warrior. x2; Your shadow imp hits the orc warrior.
Your ufetubus hits the orc warrior but does no damage.
Your ufetubus hits the orc warrior.
Attack whom?
Press: ? - help, Dir - move target cursor, f/p - orc warrior
Aim: an orc warrior, wielding a +0 glaive and wearing a +0 plate armour (moderately wounded)
You reach to attack!
You hit the orc warrior but do no damage.
The orc warrior is moderately wounded.
Your shadow imp hits the orc warrior but does no damage.
The orc warrior hits you from afar with a +0 glaive!
You die...

·▒▒····▒ ▒▒▒··▒▒▒▒▒···▒
·······▒▒ ·······▒▒▒···▒
·········▒·············▒
················(······▒
···········▒▒▒▒╬▒······▒
····▒▒▒▒··· ▒········▒
····▒▒▒▒▒▒▒▒▒▒▒▒····▒▒···
·········▒··········▒
····
▒▒·······▒···)··@···▒
·····
·········▒·?·5o·)·▒▒▒
···· ·········▒····5····▒
·········▒▒···▒▒▒▒·▒
▒▒▒▒▒▒▒▒▒▒▒··· ·▒ ▒ ▒···
·· ▒ ····· ·▒ ▒ ···▒·· ··
▒ ···


You could see an orc warrior, a friendly shadow imp (summoned) and a friendly
ufetubus (summoned).

Vanquished Creatures
  Prince Ribbit (D:7)
  5 yaks (D:7)
  2 phantoms
  A centaur (D:7)
  3 ogres
  A scorpion (D:6)
  A bullfrog zombie (D:6)
  A hound (D:5)
  A gnoll shaman (D:7)
  An iguana (D:7)
  2 orc wizards
  2 worker ants (D:4)
  Robin (D:3)
  9 gnolls
  9 adders
  2 shadow imps
  A white imp (D:5)
  2 oozes (D:2)
  2 adder skeletons (D:5)
  2 worms (D:3)
  4 dart slugs
  4 leopard geckos
  12 orcs
  A ball python (D:2)
  7 bats
  4 giant cockroaches
  13 goblins
  12 hobgoblins
  8 jackals
  3 quokkas
  4 frilled lizards
  6 kobolds
  A leopard gecko zombie (D:7)
  A quokka zombie (D:6)
  10 rats
139 creatures vanquished.

Vanquished Creatures (collateral kills)
  A yak (D:7)
  Menkaure (D:4)
  A black bear (D:7)
  An ogre (D:7)
  A bullfrog (D:6)
  A scorpion (D:5)
  A howler monkey (D:6)
  A hound (D:3)
  An orc priest (D:7)
  An orc wizard (D:6)
  2 gnolls (D:7)
  A dart slug (D:3)
  An orc (D:6)
  2 giant cockroaches
  3 goblins (D:3)
  2 jackals (D:7)
  A frilled lizard (D:3)
  A rat (D:3)
23 creatures vanquished.

Grand Total: 162 creatures vanquished

Notes
Turn   | Place    | Note
-------+----------+-------------------------------------------
     0 | D:1      | Azzok the Demonspawn Fighter began the quest for the Orb.
     0 | D:1      | Reached XP level 1. HP: 18/18 MP: 1/1
   300 | D:1      | Gained mutation: You are partially covered in large bone
                  | plates. (SH +4) [demonic ancestry]
   300 | D:1      | Reached XP level 2. HP: 24/24 MP: 2/2
   866 | D:1      | Gained mutation: A weak demonic guardian rushes to your
                  | aid. [demonic ancestry]
   866 | D:1      | Reached XP level 3. HP: 26/29 MP: 3/3
  1006 | D:2      | Found a faded altar of an unknown god.
  1676 | D:2      | Reached XP level 4. HP: 35/35 MP: 4/4
  1701 | D:2      | Found a stormy altar of Qazlal.
  1702 | D:2      | Found a radiant altar of Vehumet.
  2027 | D:3      | Noticed Robin
  2077 | D:3      | Killed Robin
  2077 | D:3      | Reached XP level 5. HP: 34/41 MP: 5/5
  2172 | D:3      | Found an ancient bone altar of Kikubaaqudgha.
  2580 | D:4      | Noticed a phantom
  2616 | D:4      | Killed a phantom
  2616 | D:4      | Reached XP level 6. HP: 40/47 MP: 6/6
  2834 | D:4      | Noticed Menkaure
  2845 | D:4      | Killed Menkaure
  2845 | D:4      | Reached skill level 5 in Shields
  3191 | D:4      | Found a glowing golden altar of the Shining One.
  3378 | D:5      | Entered Level 5 of the Dungeon
  3423 | D:5      | Found a sparkling altar of Nemelex Xobeh.
  3485 | D:5      | Reached skill level 5 in Unarmed Combat
  3485 | D:5      | Gained mutation: You are mostly covered in large bone
                  | plates. (SH +6) [demonic ancestry]
  3485 | D:5      | Reached XP level 7. HP: 50/52 MP: 7/7
  3626 | D:5      | Found an opulent altar of Gozag.
  3795 | D:5      | Found a hide-covered altar of Uskayaw.
  3971 | D:5      | Found a shimmering blue altar of Sif Muna.
  4451 | D:6      | Found a broken altar of Ashenzari.
  4525 | D:6      | Found a white marble altar of Elyvilon.
  4639 | D:6      | Found a blossoming altar of Fedhas.
  4799 | D:6      | Found a staircase to the Ecumenical Temple.
  4855 | Temple   | Entered the Ecumenical Temple
  5039 | Temple   | Became a worshipper of Cheibriados the Contemplative
  5227 | D:6      | Found a shadowy altar of Dithmenos.
  5337 | D:7      | Gained mutation: You have sharp toenails. [demonic
                  | ancestry]
  5337 | D:7      | Reached XP level 8. HP: 53/58 MP: 8/8
  5394 | D:7      | Noticed Prince Ribbit
  5423 | D:7      | Reached * piety under Cheibriados
  5444 | D:7      | Killed Prince Ribbit
  5601 | D:7      | Reached XP level 9. HP: 42/63 MP: 9/9
  5696 | D:7      | Mangled by an orc warrior

Illustrated notes

Levels and vault maps discovered:
D:1:      scummos_arrival_forest, layout_basic
D:2:      layout_basic, chequers_temple_overflow_statue_of_worship,
          chequers_ecumenical_altar_twisty, kennysheep_crisscross
D:3:      layout_rooms, overflow_temple_1_default, uniq_robin
D:4:      layout_basic, tso_altar, uniq_menkaure
D:5:      layout_layer_cave, led_sif_pool, nemelex_xobeh_ov_fountains_minmay,
          kennysheep_little_box, basic_altar, small_statue_intersection
D:6:      layout_cave_pools, overflow_temple_1_default, kennysheep_mini_moat,
          elyvilon_altar_3, lemuel_coloured_pillars_altar,
          minmay_temple_entry_nine_rooms
D:7:      layout_basic, uniq_prince_ribbit1
Temple:   chequers_temple_sunken

Skill      XL: |  1  2  3  4  5  6  7  8  9 |
---------------+----------------------------+-----
Unarmed Combat | 2 3 4 5 6 7 8 |  8.2
Shields        | 3 4 5 6 8 |  8.5
Fighting       | |  3.0
Armour         | |  2.6

Action                   |  1- 3 |  4- 6 |  7- 9 || total
-------------------------+-------+-------+-------++-------
Melee: Unarmed           |    65 |       |       ||    65
       Spear             |    88 |   374 |   352 ||   814
       Kick              |       |       |    46 ||    46
  Use: Scroll            |     6 |     6 |     5 ||    17
       Potion            |       |       |     2 ||     2
 Stab: Distracted        |       |     2 |     1 ||     3
Armor: Scale mail        |    45 |    87 |    56 ||   188
Dodge: Dodged            |    24 |    60 |    63 ||   147
Block: Kite shield       |    89 |   266 |   283 ||   638

Table legend: (Time is in decaauts)
 A = Elapsed time spent in this place.
 B = Non-inter-level travel time spent in this place.
 C = Inter-level travel time spent in this place.
 D = Time resting spent in this place.
 E = Time spent auto-exploring this place.
 F = Levels seen in this place.
 G = Mean time per level.
                   A        B        C        D        E       F      G
               +--------+--------+--------+--------+--------+-----+--------+
         Total |   6006 |   5830 |    176 |    154 |   4097 |   8 |  750.8 |
       Dungeon |   5741 |   5599 |    142 |    154 |   3877 |   7 |  820.1 |
        Temple |    265 |    232 |     33 |      0 |    220 |   1 |  265.0 |
               +--------+--------+--------+--------+--------+-----+--------+

Top non-repeatable levels by time:
     D:5: 1037 daAuts
     D:1: 966 daAuts
     D:2: 966 daAuts
     D:4: 900 daAuts
     D:6: 683 daAuts
     D:3: 644 daAuts
     D:7: 542 daAuts
  Temple: 265 daAuts
